 Dungeon Crawl Stone Soup version 0.30-a0-311-gf115ab0292 (webtiles) character file.

Game seed: 17516822193939601223

294953 Bnni the Executioner (level 21, -1/274 HPs)
             Began as a Formicid Fighter on Oct 25, 2022.
             Was the Champion of Okawaru.
             Slain by Donald
             ... wielding a +2 vorpal scimitar
              (8 damage)
             ... in the Arena.
             The game lasted 01:55:05 (33322 turns).

Bnni the Executioner (Formicid Fighter)            Turns: 33322, Time: 01:55:06

Health: -1/274     AC: 37    Str: 26    XL:     21   Next: 76%
Magic:  21/37      EV:  2    Int: 14    God:    Okawaru [******]
Gold:   4380       SH: 22    Dex: 13    Spells: 36/44 levels left

rFire   . . .      SeeInvis .    a - +4 executioner's axe (flame)
rCold   + . .      Faith    .    I - +1 tower shield {AC+3}
rNeg    . . .      Spirit   .    (body armour currently unavailable)
rPois   +          Reflect  .    (helmet unavailable)
rElec   .          Harm     .    (cloak currently unavailable)
rCorr   .          Rampage  .    (gloves currently unavailable)
Will    ++...                    (boots currently unavailable)
Stlth   ++++......               E - amulet of regeneration
HPRegen 1.45/turn                O - ring of the Clam {rC+ AC+4 Slay+2 Stlth+}
MPRegen 0.25/turn                t - ring of poison resistance

@: tree-form, heroic, studying 2 skills, duelling
A: stationary, stasis, torment immunity, boosted hp, permanent stasis, dig
shafts and tunnels, (antennae 3), four strong arms
}: 2/15 runes: decaying, serpentine
a: Renounce Religion, Heroism, Finesse, Duel


You were in the Arena.
You worshipped Okawaru.
Okawaru was exalted by your worship.
You were a tree.
You visited 6 branches of the dungeon, and saw 33 of its levels.
You visited the Abyss 1 time.
You also visited: Sewer, Ossuary, Bailey, Gauntlet and Ice Cave.

You collected 5514 gold pieces.
You spent 1134 gold pieces at shops.

Inventory:

Hand Weapons
 a - a +4 executioner's axe of flaming (weapon)
 g - a +4 battleaxe
Missiles
 D - a throwing net
 Q - 17 datura-tipped darts
 T - 9 atropa-tipped darts
 W - 3 javelins
 X - 3 silver boomerangs (quivered)
 Z - 5 silver javelins
Armour
 b - the +0 pair of gloves "Kyppierph" (melded) {rC+ Dex-3 Slay+2}
   (Okawaru gifted it to you on level 2 of the Elven Halls)

   Dex:       It affects your dexterity (-3).
   Slay:      It affects your accuracy & damage with ranged weapons and melee
   (+2).
   rC:        It protects you from cold.
 k - the +8 ring mail of the Pit (melded) {rC+ Slay+4}
   (You found it on level 1 of the Snake Pit)

   Slay:      It affects your accuracy & damage with ranged weapons and melee
   (+4).
   rC:        It protects you from cold.
 I - a +1 tower shield of protection (worn)
 M - the +1 cloak of Fortitude (melded) {Fly}
   (You found it in a Gauntlet)

   Fly:       It grants you flight.
 V - the +2 pair of boots "Haxoafeemn" (melded) {rF+ Dex+3}
   (You found it in an ice cave)

   Dex:       It affects your dexterity (+3).
   rF:        It protects you from fire.
Jewellery
 d - a ring of flight
 r - a ring of positive energy
 t - a ring of poison resistance (right branch)
 w - a ring of resist corrosion
 z - a ring of protection from cold
 E - an amulet of regeneration (around neck)
 N - a ring of fire
 O - the ring of the Clam (left branch) {rC+ AC+4 Slay+2 Stlth+}
   (You found it on level 15 of the Dungeon)

   [ring of protection]

   AC:        It affects your AC (+4).
   Slay:      It affects your accuracy & damage with ranged weapons and melee
   (+2).
   rC:        It protects you from cold.
   Stlth:     It makes you more stealthy.
Wands
 c - a wand of digging (8)
 A - a wand of polymorph (9)
 C - a wand of roots (43)
 F - a wand of mindburst (12)
 J - a wand of flame (21)
 K - a wand of paralysis (24)
 Y - a wand of light (12)
Scrolls
 h - 3 scrolls of brand weapon
 i - 3 scrolls of poison
 m - 9 scrolls of immolation
 n - 6 scrolls of silence
 o - 8 scrolls of vulnerability
 u - 7 scrolls of fog
 v - 9 scrolls of fear
 y - 19 scrolls of identify
 H - 3 scrolls of enchant armour
 R - 8 scrolls of amnesia
 U - 4 scrolls of magic mapping
Potions
 e - a potion of resistance
 f - 4 potions of cancellation
 j - 21 potions of curing
 l - 4 potions of brilliance
 p - 6 potions of magic
 q - 7 potions of mutation
 s - 7 potions of heal wounds
 x - 5 potions of invisibility
 G - 9 potions of might
 L - 4 potions of lignification
 S - 6 potions of attraction


   Skills:
 + Level 20.3(25.3) Fighting
 - Level 23.6(27) Axes
 - Level 7.0(22.0) Polearms
 - Level 7.0(12.0) Throwing
 + Level 10.8(15.8) Armour
 + Level 4.3(9.3) Dodging
 + Level 15.2(20.2) Shields
 + Level 12.2 Spellcasting
 * Level 10.6 Translocations
 - Level 3.0 Air Magic
 - Level 13.0 Invocations


You had 36 spell levels left.
You knew the following spells:

 Your Spells              Type           Power      Damage    Failure   Level
a - Apportation           Tloc           76%        N/A       1%          1
b - Passage of Golubria   Tloc           38%        N/A       1%          4
d - Vhi's Electric Charg  Tloc/Air       54%        N/A       2%          3

Your spell library contained the following spells:

 Spells                   Type           Power      Damage    Failure   Level
 Kindle Blastsparks       Fire/Tloc/Air  42%        2d13      7%          3
 Shock                    Conj/Air       48%        1d6       8%          1
 Poisonous Vapours        Pois/Air       24%        N/A       12%         2
 Foxfire                  Conj/Fire      32%        2x1d5     14%         1
 Magic Dart               Conj           32%        1d4       14%         1
 Cigotuvi's Dreadful Rot  Necr/Pois/Air  22%        N/A       14%         2
 Iskenderun's Mystic Bla  Conj/Tloc      23%        2d6       16%         4
 Ensorcelled Hibernation  Hex/Ice        16%        N/A       22%         2
 Scorch                   Fire           16%        2d5       22%         2
 Searing Ray              Conj           16%        2d5       22%         2
 Mephitic Cloud           Conj/Pois/Air  11%        N/A       28%         3
 Airstrike                Air            8%         2d(2-18)  38%         4
 Dazzling Flash           Conj/Hex       16%        N/A       41%         3
 Hailstorm                Conj/Ice       8%         3d4       41%         3
 Ozocubu's Armour         Ice            8%         N/A       41%         3
 Spider Form              Tmut/Pois      8%         N/A       41%         3
 Anguish                  Hex/Necr       4%         N/A       82%         4
 Flame Wave               Conj/Fire      8%         2d5       82%         4
 Fulminant Prism          Conj/Hex       4%         3d6       82%         4
 Ice Form                 Ice/Tmut       8%         N/A       82%         4
 Leda's Liquefaction      Hex/Erth       4%         N/A       82%         4
 Arcjolt                  Conj/Air       6%         1d16      91%         5
 Lightning Bolt           Conj/Air       6%         1d18      91%         5
 Silence                  Hex/Air        6%         N/A       91%         5
 Agony                    Necr           8%         N/A       99%         5
 Alistair's Intoxication  Tmut/Pois      5%         N/A       99%         5
 Fireball                 Conj/Fire      4%         3d4       99%         5
 Iskenderun's Battlesphe  Conj           8%         2d6       99%         5
 Lee's Rapid Deconstruct  Erth           4%         3d5*      99%         5
 Metabolic Englaciation   Hex/Ice        4%         N/A       99%         5
 Eringya's Noxious Bog    Tmut/Pois      4%         N/A       100%        6
 Iron Shot                Conj/Erth      4%         9d2       100%        6
 Starburst                Conj/Fire      4%         6d3       100%        6
 Statue Form              Tmut/Erth      5%         N/A       100%        6
 Lehudib's Crystal Spear  Conj/Erth      4%         10d3      100%        8
 Maxwell's Capacitive Co  Air            8%         ∞         100%        8
 Swiftness                Air            Unusable   N/A       N/A         3
 Summon Forest            Summ/Tloc      Unusable   N/A       N/A         5
 Summon Lightning Spire   Summ/Air       Unusable   N/A       N/A         4
 Simulacrum               Ice/Necr       Unusable   N/A       N/A         6
 Summon Cactus Giant      Summ           Unusable   N/A       N/A         6
 Spellforged Servitor     Conj/Summ      Unusable   N/A       N/A         7
 Summon Hydra             Summ           Unusable   N/A       N/A         7

Dungeon Overview and Level Annotations

Branches:
Dungeon (15/15)            Temple (0/1) D:7            Lair (5/5) D:11
  Swamp (4/4) Lair:3        Snake (4/4) Lair:3        Slime (0/5) Lair:5
    Orc (2/2) D:9             Elf (3/3) Orc:2        Vaults (0/5) D:13
 Depths (0/4) D:15          Sewer (visited)         Ossuary (visited)
 Bailey (visited)           IceCv (visited)         Gauntlet (visited)

Altars:
Cheibriados
Elyvilon
Fedhas
Kikubaaqudgha
Nemelex Xobeh
Okawaru
Qazlal
Ru
Sif Muna
Uskayaw
Vehumet
Yredelemnul

Shops:
D:8 (   D:12 *   D:13 !   Orc:2 ((!!   Elf:1 (*!((   Snake:1 !**!   Snake:3 :

Portals:
Trove: D:10 (show slimy rune of Zot)

Annotations:
Arena Donald


Innate Abilities, Weirdness & Mutations

You are a tree.
Your roots penetrate the ground, keeping you stationary.
You cannot be teleported.
You are immune to unholy pain and torment.
Your maximum health is greatly increased.
Your equipment is partially melded.
You cannot be hasted, slowed, berserked, paralysed or teleported.
You can dig through walls and to a lower floor.
((You have a pair of large antennae on your head. (SInv)))
Your four strong arms can wield two-handed weapons with a shield.


Message History

Donald blocks your attack.
Donald is moderately wounded.
You block Donald's attack.
Unknown command.
Donald blocks your attack.
Donald is moderately wounded.
You block Donald's attack.
Throw: 2 throwing nets
Press: ? - help, Shift-Dir - straight line, f/p - Donald
Aim: Donald, wielding a +2 vorpal scimitar, wearing a +3 plate armour of cold resistance and wearing a +0 kite shield of reflection (moderately wounded, fast, strong, reflecting blocked projectiles, 85% to hit)
You throw a throwing net.
Donald reflects the throwing net off his +0 kite shield of reflection!
The throwing net hits you.
You become entangled in the net!
Donald hits you with a +2 vorpal scimitar!
* * * LOW HITPOINT WARNING * * *
x2
Okay, then.
You cannot throw/fire anything while held in a net.
Okay, then.
You feel much better. Donald hits you but does no damage.
Donald barely misses you.
Really quaff the potion of lignification?
You turn into a tree.
The +1 cloak of Fortitude {Fly} melds into your body.
The +0 pair of gloves "Kyppierph" {rC+ Dex-3 Slay+2} melds into your body.
The +2 pair of boots "Haxoafeemn" {rF+ Dex+3} melds into your body.
The +8 ring mail of the Pit {rC+ Slay+4} melds into your body.
You float gracefully downwards.
Your roots penetrate the ground.
The net rips apart!
Donald hits you with a +2 vorpal scimitar!
* * * LOW HITPOINT WARNING * * *
x2 You carve Donald like a ham!!!
You burn Donald!
Donald is almost dead.
Donald hits you with a +2 vorpal scimitar!!
* * * LOW HITPOINT WARNING * * *
x2 Donald blocks your attack.
Donald is almost dead.
Donald hits you with a +2 vorpal scimitar!!
* * * LOW HITPOINT WARNING * * *
You die...
Okawaru crowns Donald victorious!

###########
#..p▓∩▓p..# ##
▓▓▓▓▓▓▓▓▓ ##
#.▓ ....... ▓.#
#.▓.#.....#.▓.#
#p▓.........▓p#
#▓▓....@....▓▓#
#p▓....♣....▓p#
#▓▓.........▓▓#
#p▓.........▓p#
#.▓.#.....#.▓.#
#.▓ ....... ▓.#
## ▓▓▓▓▓▓▓▓▓ ##
#..p▓p▓p..#
###########


You could see Donald (fast, strong, reflecting).

Vanquished Creatures
  A shard shrike (IceCv)
  Nikola (Swamp:2)
  Rupert (D:15)
  A tentacled monstrosity (Abyss:3)
  2 deep elf blademasters (Arena)
  2 quicksilver dragons (Snake:4)
  A tentacled starspawn (Abyss:3)
  6 thorn hunters
  Roxanne (Swamp:4)
  7 nagarajas
  A tengu reaver (Abyss:3)
  A fenstrider witch (Swamp:1)
  2 deep elf sorcerers (Elf:1)
  An iron dragon (D:15)
  A frost giant (D:15)
  Aizul (Swamp:4)
  Louise (Snake:2)
  A stone giant (D:15)
  2 eleionomae
  A minotaur (Gauntlet)
  A white draconian (IceCv)
  6 bunyips
  A dire elephant (Lair:5)
  2 deep elf death magi
  An ettin (D:15)
  8 shambling mangroves
  2 salamander tyrants
  5 vault guards
  2 yaktaur captains
  25 hydras
  A rakshasa (Abyss:3)
  2 ogre magi (D:15)
  5 ironbound frosthearts (IceCv)
  15 anacondas
  A death knight (D:15)
  A merfolk avatar (Lair:5)
  10 alligators
  8 centaur warriors
  21 dancing weapons
  17 naga warriors
  2 catoblepae
  3 boulder beetles
  5 tengu warriors
  2 two-headed ogres (D:11)
  11 shock serpents
  A spriggan berserker (D:15)
  9 naga sharpshooters
  10 spriggans
  4 orc high priests
  20 deep elf knights
  4 sea snakes (Lair:5)
  A shadow wraith (Abyss:3)
  5 goliath frogs
  A salamander mystic (Snake:4)
  A glowing orange brain (D:15)
  A skeletal warrior (D:15)
  4 wretched stars (Abyss:3)
  2 sixfirhies (Abyss:3)
  3 spriggan druids
  An orange crystal statue (IceCv)
  A flayed ghost (D:15)
  A deep troll (D:15)
  A death drake (shapeshifter) (Elf:2)
  5 bog bodies
  5 naga ritualists
  A death drake (Gauntlet)
  11 deep elf archers
  10 swamp dragons
  21 ugly things
  30 deep elf pyromancers
  19 deep elf zephyrmancers
  A wolf spider zombie (Gauntlet)
  11 mana vipers
  A necromancer (D:15)
  A shining eye (Gauntlet)
  2 orc knights
  2 orc sorcerers
  The ghost of foxfromabyss the Trooper, a novice OgFi (D:6)
  9 manticores
  10 will-o-the-wisps
  11 cyclopes
  3 oklob plants
  2 wolf spiders (D:15)
  A spectral centaur (Gauntlet)
  42 black mambas
  2 worldbinders (Abyss:3)
  An iron dragon skeleton (Abyss:3)
  3 centaur zombies
  10 salamanders
  10 guardian serpents
  16 elephants
  An apocalypse crab (Abyss:3)
  19 naga magi
  A smoke demon (Abyss:3)
  A centaur skeleton (D:15)
  A water nymph (Abyss:3)
  3 gargoyles
  12 cane toads
  A demonic crawler (Abyss:3)
  2 torpor snails
  A tengu conjurer (D:13)
  8 komodo dragons
  3 freezing wraiths
  A yaktaur (D:15)
  23 rime drakes
  A kobold demonologist (D:15)
  An efreet (D:13)
  2 ancient zymes (Abyss:3)
  2 wind drakes (Lair:5)
  A bloated husk (Swamp:2)
  5 trolls
  8 tyrant leeches
  15 polar bears
  25 hornets
  Grinder (D:6)
  A raiju (shapeshifter) (D:13)
  A slime creature (shapeshifter) (Elf:2)
  17 slime creatures
  18 blink frogs
  A meliai zombie (Gauntlet)
  2 snapping turtles (Lair:5)
  12 starcursed masses (Abyss:3)
  4 wraiths
  A centaur simulacrum (D:15)
  A vampire (D:13)
  2 ynoxinuls (Abyss:3)
  4 shadows
  8 wyverns
  A merfolk skeleton (Abyss:3)
  29 yaks
  Eustachio (D:5)
  6 basilisks
  3 fire elementals (Elf:1)
  3 water elementals
  2 chaos spawn (Abyss:3)
  A basilisk (shapeshifter) (Elf:1)
  2 steam dragons
  18 vampire mosquitoes
  A golden eye (Gauntlet)
  3 large abominations (Abyss:3)
  Edmund (D:6)
  Menkaure (D:5)
  2 wargs
  An acid dragon (D:8)
  44 nagas
  13 swamp worms
  3 floating eyes
  21 water moccasins
  7 swamp drakes
  A sky beast (D:8)
  A meliai simulacrum (D:15)
  17 orc warriors
  Duvessa (D:5)
  3 black bears
  18 wolves
  2 centaurs
  4 ogres
  A boggart (D:15)
  2 elf zombies (Ossuary)
  4 phantoms
  8 kobold brigands
  15 bullfrogs
  3 small abominations (Abyss:3)
  2 earth elementals (Elf:1)
  Blork the orc (D:4)
  2 necrophages
  7 scorpions
  16 wights
  Dowan (D:5)
  3 troll zombies (D:9)
  5 killer bees (D:9)
  An oklob sapling (Swamp:3)
  12 howler monkeys
  3 lava snakes (D:9)
  23 orc priests
  3 hounds
  2 jellies
  3 gnoll boudas
  2 human zombies (Ossuary)
  An iron imp (Abyss:3)
  A boggart zombie (D:15)
  5 iguanas
  Ijyb (D:3)
  Natasha (D:4)
  Terence (D:3)
  26 orc wizards
  8 hell rats
  2 lightning spires (Swamp:2)
  5 ogre zombies (D:9)
  A hound zombie (Ossuary)
  5 mummies
  18 gnolls
  11 adders
  A white imp (D:4)
  2 adder zombies (Ossuary)
  A worm (D:3)
  2 dart slugs
  43 orcs
  7 endoplasms
  4 giant cockroaches
  7 goblins
  6 hobgoblins
  7 jackals
  3 quokkas
  5 ball pythons
  3 bats
  A goblin skeleton (D:9)
  8 goblin zombies
  A hobgoblin skeleton (D:9)
  4 hobgoblin zombies (D:9)
  26 kobolds
  4 orc skeletons (D:9)
  12 orc zombies
  12 rats
  A ball lightning (Swamp:2)
  A starspawn tentacle (Abyss:3)
1289 creatures vanquished.

Vanquished Creatures (others)
  An eleionoma (Swamp:3)
  A goliath frog (Swamp:1)
  A spriggan druid (Swamp:3)
  2 deep elf zephyrmancers
  A bloated husk (Swamp:3)
  A hornet (Swamp:4)
  An orc wizard (Orc:2)
  A ball lightning (Swamp:2)
  3 briar patches (Swamp:3)
  36 foxfires
  47 fungi
  70 plants
  A starspawn tentacle (Abyss:3)
  2 withered plants (D:9)
168 creatures vanquished.

Grand Total: 1457 creatures vanquished

Notes
Turn   | Place    | Note
-------+----------+-------------------------------------------
     0 | D:1      | Bnni the Formicid Fighter began the quest for the Orb.
     0 | D:1      | Reached XP level 1. HP: 18/18 MP: 1/1
   144 | D:1      | Reached XP level 2. HP: 24/24 MP: 2/2
   313 | D:1      | Reached XP level 3. HP: 29/29 MP: 3/3
   476 | D:2      | Identified the +4 ring mail of the Hidden Vale {rPois rCorr
                  | Stlth-}
   704 | D:2      | Reached skill level 3 in Axes
   704 | D:2      | Reached skill level 5 in Shields
   704 | D:2      | Reached XP level 4. HP: 23/37 MP: 4/4
  1112 | D:3      | Noticed Terence
  1124 | D:3      | Killed Terence
  1125 | D:3      | Reached XP level 5. HP: 20/42 MP: 5/5
  1350 | D:3      | Noticed Ijyb
  1366 | D:3      | Killed Ijyb
  1367 | D:3      | Reached skill level 4 in Axes
  1486 | D:3      | Found a glowing drain.
  1514 | Sewer    | Entered a sewer
  1571 | Sewer    | Reached XP level 6. HP: 49/49 MP: 6/6
  1757 | D:3      | You fall into a shaft and drop 1 floor!
  1838 | D:4      | Noticed Blork the orc
  1845 | D:4      | Killed Blork the orc
  1846 | D:4      | Reached skill level 5 in Fighting
  1846 | D:4      | Reached skill level 5 in Axes
  1946 | D:4      | Reached XP level 7. HP: 56/56 MP: 7/7
  2411 | D:3      | Found an iron altar of Okawaru.
  2415 | D:3      | Became a worshipper of Warmaster Okawaru
  2647 | D:3      | Found a white marble altar of Elyvilon.
  2647 | D:3      | Found a hide-covered altar of Uskayaw.
  3176 | D:4      | Noticed Natasha
  3183 | D:4      | Killed Natasha
  3184 | D:4      | Reached skill level 6 in Axes
  3258 | D:5      | Entered Level 5 of the Dungeon
  3332 | D:5      | Noticed Duvessa
  3335 | D:5      | Noticed Dowan
  3337 | D:5      | Killed Duvessa
  3338 | D:5      | Reached XP level 8. HP: 58/64 MP: 8/8
  3353 | D:5      | Killed Dowan
  3474 | D:5      | Noticed Eustachio
  3480 | D:5      | Reached skill level 7 in Axes
  3498 | D:5      | Killed Eustachio
  3498 | D:5      | Reached * piety under Okawaru
  3828 | D:5      | Found a sand-covered staircase.
  3833 | Ossuary  | Entered an ossuary
  3841 | Ossuary  | Reached skill level 8 in Axes
  3938 | Ossuary  | Reached XP level 9. HP: 64/72 MP: 9/9
  4028 | Ossuary  | Reached ** piety under Okawaru
  4272 | D:5      | Reached skill level 9 in Axes
  4386 | D:5      | Noticed Menkaure
  4392 | D:5      | Killed Menkaure
  5119 | D:6      | Found a runed translucent door.
  5119 | D:6      | Noticed foxfromabyss's ghost (novice OgFi)
  5146 | D:6      | Killed foxfromabyss's ghost
  5146 | D:6      | Reached *** piety under Okawaru
  5147 | D:6      | Reached skill level 10 in Axes
  5182 | D:6      | Noticed Grinder
  5191 | D:6      | Killed Grinder
  5293 | D:6      | Reached XP level 10. HP: 81/82 MP: 10/10
  5439 | D:6      | Noticed Edmund
  5459 | D:6      | Killed Edmund
  5463 | D:6      | Reached skill level 11 in Axes
  5641 | D:7      | Reached **** piety under Okawaru
  5733 | D:7      | Found a flagged portal.
  5764 | Bailey   | Entered a bailey
  5877 | Bailey   | Noticed an orc knight
  5892 | Bailey   | Reached skill level 1 in Invocations
  5897 | Bailey   | Killed an orc knight
  5898 | Bailey   | Reached skill level 12 in Axes
  5904 | Bailey   | Found an iron altar of Okawaru.
  6151 | D:7      | Found a staircase to the Ecumenical Temple.
  6620 | D:8      | Reached ***** piety under Okawaru
  6621 | D:8      | Reached skill level 10 in Fighting
  6669 | D:8      | Noticed a cyclops
  6677 | D:8      | Killed a cyclops
  6678 | D:8      | Reached XP level 11. HP: 78/91 MP: 11/13
  6700 | D:8      | Noticed a centaur warrior
  6713 | D:8      | Killed a centaur warrior
  6928 | D:8      | Found a sacrificial altar of Ru.
  7077 | D:8      | Found Enadgh's Weapon Shoppe.
  7147 | D:8      | Reached skill level 13 in Axes
  7231 | D:9      | Found an ancient bone altar of Kikubaaqudgha.
  7256 | D:9      | Reached skill level 5 in Invocations
  7365 | D:9      | Found a staircase to the Orcish Mines.
  7489 | D:9      | Found a snail-covered altar of Cheibriados.
  7565 | D:9      | Reached ****** piety under Okawaru
  7661 | D:9      | Noticed a cyclops
  7670 | D:9      | Killed a cyclops
  7670 | D:9      | Identified the +1 ring mail "Ableciwk" {Will+ Str+4}
                  | (Okawaru gifted it to you on level 9 of the Dungeon)
  7670 | D:9      | Received a gift from Okawaru
  7865 | D:9      | Noticed a catoblepas
  7877 | D:9      | Killed a catoblepas
  8019 | D:10     | Entered Level 10 of the Dungeon
  8253 | D:10     | Found a basalt altar of Yredelemnul.
  8308 | D:10     | Found a portal to a secret trove of treasure.
  8877 | D:10     | Noticed a four-headed hydra
  8885 | D:10     | Killed a six-headed hydra
  8886 | D:10     | Reached skill level 14 in Axes
  8886 | D:10     | Reached XP level 12. HP: 72/100 MP: 13/16
  8912 | D:10     | Noticed a yaktaur captain
  8924 | D:10     | Killed a yaktaur captain
  8928 | D:10     | Identified the +2 leather armour of Hedge Wizardry {rPois
                  | rC- Will+ Str+7}
  9033 | D:11     | Learned a level 1 spell: Apportation
  9041 | D:11     | Noticed a two-headed ogre
  9064 | D:11     | Killed a two-headed ogre
  9341 | D:11     | Noticed a two-headed ogre
  9350 | D:11     | Killed a two-headed ogre
  9351 | D:11     | Reached skill level 15 in Axes
  9401 | D:11     | Found a staircase to the Lair.
  9476 | D:11     | Received a gift from Okawaru
  9572 | D:12     | Found Famiucoarur's Changing Room.
  9668 | D:12     | Noticed a boulder beetle
  9677 | D:12     | Killed a boulder beetle
  9915 | D:12     | Reached XP level 13. HP: 84/109 MP: 19/19
 10016 | D:12     | Noticed a catoblepas
 10028 | D:12     | Killed a catoblepas
 10345 | D:12     | Received a gift from Okawaru
 10469 | D:13     | Found Pethep's Distillery.
 10474 | D:13     | Bought a potion of might for 56 gold pieces
 10474 | D:13     | Bought a potion of curing for 42 gold pieces
 10540 | D:13     | Received a gift from Okawaru
 10668 | D:13     | Noticed an entropy weaver
 10673 | D:13     | an entropy weaver changed into a raiju
 10852 | D:13     | Noticed a centaur warrior
 10856 | D:13     | Killed a centaur warrior
 11007 | D:13     | Noticed a centaur warrior
 11015 | D:13     | Killed a centaur warrior
 11016 | D:13     | Reached skill level 16 in Axes
 11089 | D:13     | Found a gate to the Vaults.
 11089 | D:13     | Noticed a vault guard
 11114 | D:13     | Killed a vault guard
 11481 | D:14     | Noticed a six-headed hydra
 11492 | D:14     | Killed a one-headed hydra
 11577 | D:14     | Found a gate leading to a gauntlet.
 11582 | Gauntlet | Entered a Gauntlet
 11582 | Gauntlet | Found a transporter.
 11595 | Gauntlet | Found a transporter.
 11606 | Gauntlet | Found a transporter.
 11611 | Gauntlet | Found a transporter.
 11612 | Gauntlet | Noticed a cacodemon
 11632 | Gauntlet | Found a transporter.
 11645 | Gauntlet | Found a transporter.
 11657 | Gauntlet | Found a transporter.
 11669 | Gauntlet | Found a transporter.
 11681 | Gauntlet | Found a transporter.
 11693 | Gauntlet | Found a transporter.
 11710 | Gauntlet | Found a transporter.
 11727 | Gauntlet | Found a transporter.
 11729 | Gauntlet | Found a transporter.
 11754 | Gauntlet | Found a transporter.
 11758 | Gauntlet | Found a transporter.
 11758 | Gauntlet | Found a transporter.
 11784 | Gauntlet | Found a transporter.
 11786 | Gauntlet | Found a transporter.
 11941 | Gauntlet | Reached skill level 10 in Shields
 11948 | Gauntlet | Reached skill level 10 in Invocations
 11957 | Gauntlet | Identified the +1 cloak of Fortitude {Fly}
 12001 | Gauntlet | Identified the amulet "Huqutodi" {Faith Will- Str+5}
 12001 | Gauntlet | Noticed a minotaur
 12010 | Gauntlet | Killed a minotaur
 12150 | D:14     | Reached XP level 14. HP: 110/118 MP: 21/21
 12584 | D:14     | Received a gift from Okawaru
 12748 | D:15     | Entered Level 15 of the Dungeon
 12749 | D:15     | Identified the +9 hand axe of Sudden Death {flame, Fragile
                  | Dex+6}
 12797 | D:15     | Noticed Rupert
 12816 | D:15     | Killed Rupert
 12821 | D:15     | Reached skill level 5 in Armour
 12888 | D:15     | Reached skill level 17 in Axes
 13049 | D:15     | Reached skill level 1 in Polearms
 13092 | D:15     | Noticed a frost giant
 13107 | D:15     | Killed a frost giant
 13310 | D:15     | Identified the ring "Urotafyn" {Wiz Slay+2}
 13344 | D:15     | Noticed an iron dragon
 13359 | D:15     | Killed an iron dragon
 13461 | D:15     | Found a staircase to the Depths.
 13603 | D:15     | Identified the ring "Walig" {Str+5 SInv}
 13737 | D:15     | Received a gift from Okawaru
 13739 | D:15     | Reached XP level 15. HP: 101/123 MP: 23/23
 13869 | D:15     | Noticed a stone giant
 13875 | D:15     | Killed a stone giant
 13974 | D:15     | Identified the ring of the Clam {rC+ AC+4 Slay+2 Stlth+}
 14025 | D:15     | Found a stormy altar of Qazlal.
 14025 | D:15     | Found a transporter.
 14212 | D:15     | Found a transporter.
 14226 | D:15     | Found a snail-covered altar of Cheibriados.
 14378 | D:15     | Reached skill level 18 in Axes
 14384 | D:15     | Received a gift from Okawaru
 14392 | D:15     | Identified the +8 flail "Buamyik" {protect, rPois rN+ Str+3
                  | Dex-3}
 14395 | D:15     | Identified a scroll of acquirement
 14446 | D:15     | Acquired a manual of Axes
 14523 | D:15     | Found a sparkling altar of Nemelex Xobeh.
 14724 | Lair:1   | Entered Level 1 of the Lair of Beasts
 14996 | Lair:1   | Acquired 816 gold pieces
 15415 | Lair:1   | Reached skill level 1 in Throwing
 15488 | Lair:1   | Learned a level 3 spell: Vhi's Electric Charge
 15619 | Lair:2   | Reached skill level 5 in Polearms
 15623 | Lair:2   | Identified the +6 chain mail of the Jabberwock {Dex+2
                  | Stlth+} (Okawaru gifted it to you on level 2 of the Lair of
                  | Beasts)
 15623 | Lair:2   | Received a gift from Okawaru
 15820 | Lair:2   | Reached XP level 16. HP: 123/134 MP: 25/25
 16190 | Lair:2   | Found a blossoming altar of Fedhas.
 16461 | Lair:3   | Found a staircase to the Snake Pit.
 16712 | Lair:3   | Found a staircase to the Swamp.
 16723 | Lair:3   | Reached skill level 19 in Axes
 17744 | Lair:4   | Reached skill level 15 in Fighting
 18325 | Lair:5   | Entered Level 5 of the Lair of Beasts
 18400 | Lair:5   | Received a gift from Okawaru
 18460 | Lair:5   | Found a staircase to the Slime Pits.
 18933 | Lair:5   | Reached skill level 20 in Axes
 19091 | Lair:5   | Acquired a manual of Fighting
 19484 | Orc:1    | Entered Level 1 of the Orcish Mines
 19507 | Orc:1    | Received a gift from Okawaru
 19952 | Orc:2    | Entered Level 2 of the Orcish Mines
 19968 | Orc:2    | Reached XP level 17. HP: 142/142 MP: 26/26
 20189 | Orc:2    | Found a staircase to the Elven Halls.
 20215 | Arena    | Entered the Arena
 20265 | Orc:2    | Found Fifreli's Weapon Emporium.
 20265 | Orc:2    | Found Keclej's Weapon Emporium.
 20270 | Orc:2    | Found Bewu's Distillery.
 20288 | Orc:2    | Found Dyumig's Distillery.
 20475 | Orc:2    | Found a shimmering blue altar of Sif Muna.
 20602 | Orc:2    | Bought 2 potions of heal wounds for 120 gold pieces
 20602 | Orc:2    | Bought a potion of heal wounds for 60 gold pieces
 20602 | Orc:2    | Bought a potion of curing for 36 gold pieces
 20602 | Orc:2    | Bought a potion of heal wounds for 60 gold pieces
 20603 | Orc:2    | Bought a potion of curing for 42 gold pieces
 20603 | Orc:2    | Bought a potion of heal wounds for 70 gold pieces
 20603 | Orc:2    | Bought a potion of might for 56 gold pieces
 20817 | Snake:1  | Entered Level 1 of the Snake Pit
 20896 | Snake:1  | Identified the +8 ring mail of the Pit {rC+ Slay+4}
 21163 | Snake:1  | Found Daf Inla's Distillery.
 21197 | Snake:1  | Reached skill level 5 in Throwing
 21391 | Snake:1  | Found Geodih's General Store.
 21451 | Snake:1  | Found Ilaetrac's General Store.
 21521 | Snake:1  | Identified the +7 war axe of Ozumeit {spect, rN+ Str+4}
                  | (Okawaru gifted it to you on level 1 of the Snake Pit)
 21521 | Snake:1  | Received a gift from Okawaru
 21884 | Snake:1  | Found Okef's Distillery.
 21891 | Snake:1  | Bought a potion of heal wounds for 80 gold pieces
 21891 | Snake:1  | Bought a potion of curing for 48 gold pieces
 21891 | Snake:1  | Bought a potion of heal wounds for 80 gold pieces
 21891 | Snake:1  | Bought a potion of curing for 48 gold pieces
 21891 | Snake:1  | Bought a potion of heal wounds for 80 gold pieces
 21891 | Snake:1  | Bought a potion of curing for 48 gold pieces
 22124 | Snake:1  | Reached skill level 21 in Axes
 22124 | Snake:1  | Reached skill level 15 in Shields
 22133 | Snake:1  | Identified the +1 plate armour of Understanding {Dex+2}
 22503 | Elf:1    | Entered Level 1 of the Elven Halls
 22503 | Elf:1    | Found a runed translucent gate.
 22503 | Elf:1    | Found a runed translucent gate.
 22503 | Elf:1    | Found a runed translucent gate.
 22503 | Elf:1    | Found a runed translucent gate.
 22503 | Elf:1    | Found a runed translucent gate.
 22503 | Elf:1    | Found a runed translucent gate.
 22506 | Elf:1    | Found a runed translucent door.
 22519 | Elf:1    | Found a runed translucent door.
 22524 | Elf:1    | Reached skill level 1 in Spellcasting
 22524 | Elf:1    | Reached skill level 1 in Translocations
 22560 | Elf:1    | Found Winurexang's Weapon Shop.
 22563 | Elf:1    | Found Usyaskam's Distillery.
 22563 | Elf:1    | Found Vyacs's Assorted Antiques.
 22570 | Elf:1    | Found Ughi Nem's Antique Weapon Boutique.
 22575 | Elf:1    | Bought a potion of heal wounds for 80 gold pieces
 22575 | Elf:1    | Bought a potion of curing for 48 gold pieces
 22575 | Elf:1    | Bought a potion of heal wounds for 80 gold pieces
 22819 | Elf:1    | Identified the +0 kite shield of Osanenwu {Rampage rF+}
                  | (Okawaru gifted it to you on level 1 of the Elven Halls)
 22819 | Elf:1    | Received a gift from Okawaru
 23270 | Elf:1    | Found Udeozeh's Weapon Emporium.
 23286 | Elf:1    | Found a radiant altar of Vehumet.
 23374 | Elf:2    | Reached XP level 18. HP: 137/153 MP: 27/27
 23425 | Elf:2    | Found a huge runed translucent gate.
 23425 | Elf:2    | Found a huge runed translucent gate.
 23425 | Elf:2    | Found a huge runed translucent gate.
 23425 | Elf:2    | Found a huge runed translucent gate.
 23425 | Elf:2    | Found a huge runed translucent gate.
 23495 | Elf:2    | Learned a level 4 spell: Passage of Golubria
 24346 | Elf:2    | Reached skill level 5 in Spellcasting
 24473 | Elf:2    | Noticed a deep elf blademaster
 24474 | Arena    | Entered the Arena
 24491 | Arena    | Killed a deep elf blademaster
 24532 | Elf:2    | Reached skill level 5 in Translocations
 24541 | Elf:2    | Identified the +0 pair of gloves "Kyppierph" {rC+ Dex-3
                  | Slay+2} (Okawaru gifted it to you on level 2 of the Elven
                  | Halls)
 24541 | Elf:2    | Received a gift from Okawaru
 25423 | Snake:2  | You are sucked into a shaft and drop 1 floor!
 25434 | Snake:3  | Reached skill level 22 in Axes
 25623 | Snake:2  | Noticed Louise
 25625 | Abyss:3  | Cast into level 3 of the Abyss (Louise)
 25692 | Abyss:3  | Noticed a deep elf blademaster
 25708 | Arena    | Entered the Arena
 25718 | Arena    | Killed a deep elf blademaster
 25719 | Arena    | Reached XP level 19. HP: 27/162 MP: 15/29
 25742 | Abyss:3  | Found a corrupted altar of Lugonu.
 25817 | Abyss:3  | Reached skill level 1 in Air Magic
 25842 | Abyss:3  | Identified the +0 ring mail of Gluttony {rElec Will+}
                  | (Okawaru gifted it to you on level 3 of the Abyss)
 25842 | Abyss:3  | Received a gift from Okawaru
 25935 | Abyss:3  | Noticed a tentacled monstrosity
 25947 | Abyss:3  | Killed a tentacled monstrosity
 26108 | Snake:2  | Escaped the Abyss
 26123 | Snake:2  | Killed Louise
 26558 | Snake:3  | Identified the +6 mace of Buriuschigh {vamp, rElec rPois
                  | Dex+4}
 26909 | Snake:3  | Found Nuawk's Book Boutique.
 26999 | Snake:4  | Entered Level 4 of the Snake Pit
 27857 | Snake:4  | Received a gift from Okawaru
 27881 | Snake:4  | Reached XP level 20. HP: 155/172 MP: 33/33
 28203 | Snake:4  | Received a gift from Okawaru
 28224 | Snake:4  | Got a serpentine rune of Zot
 28392 | Swamp:1  | Entered Level 1 of the Swamp
 28625 | Swamp:1  | Reached skill level 23 in Axes
 28625 | Swamp:1  | Reached skill level 10 in Spellcasting
 29003 | Swamp:2  | Noticed Nikola
 29007 | Swamp:2  | Killed Nikola
 29007 | Swamp:2  | Received a gift from Okawaru
 29025 | Swamp:2  | Found a frozen archway.
 29035 | IceCv    | Entered an ice cave
 29139 | IceCv    | Reached skill level 1 in Dodging
 29354 | IceCv    | Identified the +2 pair of boots "Haxoafeemn" {rF+ Dex+3}
 29585 | IceCv    | Noticed a shard shrike
 29589 | IceCv    | Killed a shard shrike
 29652 | IceCv    | Identified the +0 helmet "Fitomm" {rF++ Slay+3}
 29860 | Swamp:2  | Received a gift from Okawaru
 29954 | Swamp:2  | Identified the ring of Hedonism {AC+4 Str+2}
 30447 | Swamp:2  | Reached skill level 10 in Armour
 30783 | Swamp:3  | Reached skill level 10 in Translocations
 30783 | Swamp:3  | Reached XP level 21. HP: 168/181 MP: 29/36
 30999 | Swamp:3  | Received a gift from Okawaru
 31149 | Swamp:3  | Identified the +2 robe "Kaulid" {rC+ Str+3 Int+4}
 31277 | Swamp:3  | Received a gift from Okawaru
 31652 | Swamp:4  | Entered Level 4 of the Swamp
 31826 | Swamp:4  | Received a gift from Okawaru
 31869 | Swamp:4  | Noticed Aizul
 31878 | Swamp:4  | Killed Aizul
 31886 | Swamp:4  | Identified the +1 pair of gloves of New Discoveries {rC+
                  | Slay+3} (Okawaru gifted it to you on level 4 of the Swamp)
 31886 | Swamp:4  | Received a gift from Okawaru
 31946 | Swamp:4  | Noticed Roxanne
 31969 | Swamp:4  | Killed Roxanne
 32098 | Swamp:4  | Got a decaying rune of Zot
 32786 | Elf:3    | Entered Level 3 of the Elven Halls
 33302 | Elf:3    | Noticed Donald
 33310 | Arena    | Entered the Arena
 33322 | Arena    | HP: 7/274 [Donald/+2 vorpal scimitar (29)]
 33322 | Arena    | Slain by Donald

Illustrated notes

Levels and vault maps discovered:
D:1:      saegor_arrival_simple_a, layout_rooms, serial_glass, glass_columns_a,
          glass_columns_c, glass_columns_b, glass_columns_b
D:2:      layout_basic
D:3:      minmay_chambers_of_twos, layout_basic, nicolae_overflow_two_pavilions,
          mainiacjoe_overflow_alcove_1, gup_sewer_entry_glass,
          roderic_nine_men_s_morris, uniq_ijyb, uniq_terence
D:4:      minmay_recursive_quarters, layout_basic, uniq_natasha,
          uniq_blork_the_orc
D:5:      layout_basic, serial_glass, glass_columns_b, glass_columns_a,
          enter_ossuary_2, kennysheep_another_room, st_stairs_10,
          uniq_eustachio, uniq_menkaure, uniq_duvessa
D:6:      layout_cave_pods, gammafunk_ghost_grave, serial_bayou_pond_d,
          uniq_grinder, uniq_edmund
D:7:      layout_loops_ring, minmay_temple_entry_fiery, enter_bailey_6
D:8:      layout_cave_pools, marbit_many_paths, kennysheep_diamond,
          minmay_manual_mess
D:9:      kennysheep_big_flooded_room, layout_cave_pools, slow_altar_1,
          kiku_gazebo_garden_becter, zombieorc2_lemuel
D:10:     layout_basic, lemuel_round_altar, enter_trove_1, minmay_three_doors
D:11:     layout_cave_pools, grunt_lair_entry_orc_guard_hut
D:12:     layout_loops_cross, nicolae_transmutations_shop
D:13:     layout_stronghold, david_vaults_5, serial_shops,
          nicolae_shop_hallway_stairs, kennysheep_windowed_goal
D:14:     layout_roguey, gauntlet_entry_generic, minmay_diced_spiral
D:15:     hangedman_spin_cycle, uniq_rupert
Lair:1:   layout_cave_pods
Lair:2:   layout_big_grid, hangedman_tree_tricks
Lair:3:   layout_small_grid, minmay_swamp_entry_worms,
          guppyfry_snake_entry_garden
Lair:4:   layout_cave_pods, infiniplex_staircase_pool, grunt_megastairs_4
Lair:5:   gammafunk_lair_ancient_temple, layout_big_grid, slime_entry_1,
          chequers_serial_rivers_room_a, st_stairs_9
Swamp:1:  layout_falls_marsh, nicolae_swamp_small_spring,
          nicolae_swamp_spooky_pond
Swamp:2:  layout_falls_marsh, portal_ice_cave_entry_frozen_things,
          serial_swamp_ruin, evilmike_swamp_ruin_house_3,
          hangedman_swamp_ruin_wall, swamp_pool1, hangedman_swamp_phenomena,
          infiniplex_staircase_pool_2, uniq_nikola
Swamp:3:  nicolae_swamp_phyte_club, layout_falls_marsh,
          nicolae_swamp_dense_foliage
Swamp:4:  swamp, layout_basic_swamp, uniq_aizul, uniq_roxanne
Snake:1:  layout_chambers, serial_shops, nicolae_take_the_stairs,
          nicolae_shop_trees, nicolae_shop_trees, nicolae_shop_hallway_stairs,
          hangedman_snake_sidewinding
Snake:2:  layout_misc_corridors, uniq_louise
Snake:3:  layout_onion, serial_shops, shop_statue, special_room
Snake:4:  hellmonk_snake_rune_quicksilver_temple, layout_onion
Orc:1:    layout_caves
Orc:2:    st_orc_mages, layout_diamond_mine, kennysheep_orc_sif_temple
Elf:1:    nicolae_elf_arrival_dilemma, layout_gridlike, serial_shops, shop,
          minivault_28, david_defended_altar_elf, minmay_shoptagon
Elf:2:    elven_hall_of_blades_hangedman_alternative
          [nooodl_blade_entry_preview], layout_loops_cross, lemuel_flame_loot_1
Elf:3:    elf_hall_gauntlet_wide, layout_geoelf_castle, uniq_donald
Arena

Skill      XL: |  1  2  3  4  5  6  7  8  9 10 11 12 13 14 15 16 17 18 19 20 21 |
---------------+----------------------------------------------------------------+-----
Axes           | 3 4 5 6 8 10 12 14 15 16 17 18 20 21 22 23 | 23.6
Shields        | 5 6 10 11 13 15 | 15.2
Fighting       | 4 5 6 7 8 10 11 12 13 14 15 16 17 18 19 20 | 20.3
Invocations    | 3 6 8 10 11 13 | 13.0
Armour         | 5 6 7 9 10 | 10.8
Polearms       | 3 5 6 7 |  7.0
Throwing       | 1 4 6 7 |  7.0
Spellcasting   | 3 7 9 11 12 | 12.2
Translocations | 3 6 8 10 | 10.6
Air Magic      | 2 3 |  3.0
Dodging        | 2 4 |  4.3

Action                   |  1- 3 |  4- 6 |  7- 9 | 10-12 | 13-15 | 16-18 | 19-21 || total
-------------------------+-------+-------+-------+-------+-------+-------+-------++-------
Melee: War axe           |    64 |   161 |   198 |    18 |       |       |       ||   441
       Battleaxe         |       |       |       |   456 |   676 |   896 |       ||  2028
       Scimitar          |       |       |       |       |    58 |    12 |       ||    70
       Executioner's axe |       |       |       |       |       |   141 |   912 ||  1053
Throw: Throwing net      |       |       |     1 |       |     5 |     2 |     2 ||    10
       Dart              |       |       |       |     4 |     2 |     8 |     4 ||    18
       Boomerang         |       |       |       |       |     1 |       |    12 ||    13
       Javelin           |       |       |       |       |       |     1 |       ||     1
 Cast: Vhi's Electric Ch |       |       |       |       |       |       |    59 ||    59
       Passage of Golubr |       |       |       |       |       |       |     1 ||     1
Invok: Heroism           |       |       |       |     7 |    21 |     9 |     7 ||    44
       Finesse           |       |       |       |     2 |     5 |     5 |     4 ||    16
       Duel              |       |       |       |       |       |     3 |     1 ||     4
 Abil: Dig               |       |       |       |       |       |     1 |       ||     1
Evoke: Wand              |       |       |       |     1 |       |       |       ||     1
  Use: Scroll            |       |     4 |     7 |    11 |    12 |     6 |     1 ||    41
       Potion            |       |       |     2 |     2 |     8 |     8 |    13 ||    33
 Stab: Paralysed         |       |       |       |     2 |       |       |       ||     2
       Held in net/web   |       |       |       |       |     4 |       |       ||     4
       Sleeping          |       |       |       |       |       |     1 |       ||     1
       Invisible         |       |       |       |       |       |       |     3 ||     3
       Confused          |       |       |       |       |       |       |     1 ||     1
       Distracted        |       |       |       |       |       |       |     1 ||     1
Armor: Scale mail        |    14 |       |       |       |       |       |       ||    14
       Plate armour      |    17 |       |       |       |       |       |       ||    17
       Ring mail         |     2 |    88 |    79 |   124 |    58 |   146 |   331 ||   828
       Crystal plate arm |       |       |       |       |   401 |   279 |       ||   680
Dodge: Dodged            |    40 |    83 |    88 |   262 |   180 |   131 |   183 ||   967
Block: Buckler           |    21 |    44 |    39 |   100 |       |       |       ||   204
       Kite shield       |       |       |       |    12 |   243 |       |       ||   255
       Tower shield      |       |       |       |       |   355 |   863 |   643 ||  1861

Table legend: (Time is in decaauts)
 A = Elapsed time spent in this place.
 B = Non-inter-level travel time spent in this place.
 C = Inter-level travel time spent in this place.
 D = Time resting spent in this place.
 E = Time spent auto-exploring this place.
 F = Levels seen in this place.
 G = Mean time per level.
                   A        B        C        D        E       F      G
               +--------+--------+--------+--------+--------+-----+--------+
         Total |  33055 |  30704 |   2351 |   2042 |  20175 |  44 |  751.2 |
       Dungeon |  13958 |  13179 |    779 |    896 |   8974 |  15 |  930.5 |
          Lair |   5175 |   4448 |    727 |      0 |   3586 |   5 | 1035.0 |
         Swamp |   3261 |   3087 |    174 |    258 |   2131 |   4 |  815.2 |
     Snake Pit |   4240 |   3899 |    341 |    459 |   2283 |   4 | 1060.0 |
  Orcish Mines |   1189 |    998 |    191 |      0 |    825 |   2 |  594.5 |
   Elven Halls |   2808 |   2671 |    137 |    172 |   1535 |   3 |  936.0 |
         Abyss |    415 |    415 |      0 |    154 |      0 |   2 |  207.5 |
         Sewer |    148 |    148 |      0 |      0 |     99 |   1 |  148.0 |
       Ossuary |    249 |    249 |      0 |      0 |    154 |   1 |  249.0 |
        Bailey |    230 |    230 |      0 |      2 |     73 |   1 |  230.0 |
      Ice Cave |    795 |    795 |      0 |     99 |    411 |   1 |  795.0 |
      Gauntlet |    507 |    507 |      0 |      0 |    103 |   1 |  507.0 |
         Arena |     75 |     75 |      0 |      0 |      0 |   4 |   18.8 |
               +--------+--------+--------+--------+--------+-----+--------+

Top non-repeatable levels by time:
    D:15: 1847 daAuts
 Snake:1: 1549 daAuts
   Elf:2: 1405 daAuts
     D:5: 1277 daAuts
 Snake:4: 1269 daAuts
  Lair:1: 1164 daAuts
  Lair:4: 1160 daAuts
    D:10: 1119 daAuts
    D:13: 1078 daAuts
  Lair:3: 1059 daAuts
     D:3: 1039 daAuts
     D:4: 1014 daAuts
 Swamp:2: 976 daAuts
  Lair:5: 972 daAuts
   Elf:1: 884 daAuts
